 Dungeon Crawl Stone Soup version 0.30.1 (webtiles) character file.

Game seed: 12572899884772504762

48656 LynnLen the Unseen (level 14, -2/64 (67) HPs)
             Began as a Spriggan Enchanter on July 14, 2023.
             Was the Champion of Dithmenos.
             Slain by a death yak simulacrum (41 damage)
             ... on level 5 of the Lair of Beasts.
             The game lasted 01:03:59 (20613 turns).

LynnLen the Unseen (Spriggan Enchanter)            Turns: 20613, Time: 01:04:02

HP:   -2/64 (67)    AC: 12    Str:  4    XL:     14   Next: 13%
MP:   36/39         EV: 25    Int: 19    God:    Dithmenos [******]
Gold: 963           SH:  0    Dex: 18    Spells: 14/36 levels left

rFire   . . .        D - +5 dagger (protect)
rCold   . . .        (no shield)
rNeg    . . .        u - +0 steam dragon scales
rPois   .            (helmet restricted)
rElec   .            I - +2 cloak
rCorr   .            (gloves unavailable)
SInv    +            (boots unavailable)
Will    ++...        C - amulet of the acrobat Stlth ***+++++++
                     M - +4 ring of protection
HPRegen 0.30/turn    F - ring of magical power
MPRegen 0.26/turn

%: acrobat
@: wreathed by umbra, lightly drained, very quick
A: very small, no large weapons, unfitting armour, see invisible, speed 3
a: Renounce Religion, Shadow Step, Shadow Form


You were on level 5 of the Lair of Beasts.
You worshipped Dithmenos.
Dithmenos was exalted by your worship.
You visited 2 branches of the dungeon, and saw 16 of its levels.
You also visited: Bailey.

You collected 1119 gold pieces.
You spent 156 gold pieces at shops.

Inventory:

Hand Weapons
 x - a +2 dagger of holy wrath
 D - a +5 dagger of protection (weapon)
Missiles
 m - 22 poisoned darts
 B - a curare-tipped dart
Armour
 u - +0 steam dragon scales (worn)
 I - a +2 cloak (worn)
Jewellery
 d - a ring of poison resistance
 j - a ring of protection from cold
 C - an amulet of the acrobat (around neck)
 F - a ring of magical power (right hand)
 G - a ring of wizardry
 M - a +4 ring of protection (left hand)
 T - an amulet of reflection
Wands
 E - a wand of light (5)
 L - a wand of mindburst (7)
 P - a wand of iceblast (2)
Scrolls
 b - 2 scrolls of blinking
 e - 13 scrolls of teleportation
 f - 5 scrolls of amnesia
 i - 3 scrolls of immolation
 n - 5 scrolls of silence {unknown}
 o - a scroll of fear
 q - 3 scrolls of summoning
 s - 4 scrolls of fog
 y - a scroll of poison
 z - a scroll of magic mapping
 N - a scroll of noise {unknown}
 O - a scroll of torment {unknown}
 Q - 2 scrolls of enchant armour {unknown}
 R - 2 scrolls of vulnerability
 S - a scroll of identify
Potions
 a - a potion of ambrosia
 c - a potion of invisibility
 g - 2 potions of mutation
 h - 2 potions of magic
 k - 5 potions of attraction
 l - a potion of berserk rage
 p - 2 potions of flight
 r - 5 potions of curing
 t - 4 potions of heal wounds
 v - 2 potions of brilliance
 A - a potion of haste
 H - 2 potions of might {unknown}
 K - 2 potions of cancellation {unknown}
Miscellaneous
 J - a lightning rod (4/4)


   Skills:
 + Level 4.9 Fighting
 - Level 10.0 Short Blades
 + Level 10.6 Dodging
 + Level 17.7 Stealth
 + Level 11.9 Spellcasting
 + Level 12.1 Hexes
 - Level 4.3 Summonings
 - Level 3.9 Ice Magic
 * Level 6.8 Invocations
 + Level 7.8 Evocations


You had 14 spell levels left.
You knew the following spells:

 Your Spells              Type           Power      Damage    Failure   Level
a - Ensorcelled Hibernat  Hex/Ice        84%        N/A       1%          2
b - Confusing Touch       Hex            55%        N/A       1%          3
c - Tukima's Dance        Hex            55%        N/A       1%          3
d - Summon Guardian Gole  Hex/Summ       42%        N/A       1%          3
e - Enfeeble              Hex            27%        N/A       34%         7
f - Cause Fear            Hex            27%        N/A       1%          4

Your spell library contained the following spells:

 Spells                   Type           Power      Damage    Failure   Level
 Dazzling Flash           Conj/Hex       68%        N/A       1%          3
 Anguish                  Hex/Necr       17%        N/A       4%          4
 Foxfire                  Conj/Fire      44%        2x1d6     6%          1
 Passwall                 Tmut/Erth      9%         N/A       10%         2
 Swiftness                Air            11%        N/A       19%         3
 Orb of Destruction       Conj           5%         9d5       100%        7
 Spellforged Servitor     Conj/Summ      9%         N/A       100%        7
 Chain Lightning          Conj/Air       5%         3d7       100%        9
 Fire Storm               Conj/Fire      5%         8d2       100%        9
 Shatter                  Erth           5%         3d8*      100%        9


Dungeon Overview and Level Annotations

Branches:
Dungeon (11/15)            Temple (0/1) D:6            Lair (5/5) D:11
  Swamp (0/4) Lair:3        Snake (0/4) Lair:2        Slime (0/5) Lair:4
    Orc (0/2) D:9          Bailey (visited)

Altars:
Dithmenos
Makhleb
Nemelex Xobeh
Ru
Sif Muna
Trog
Zin
Jiyva

Shops:
D:6 *   D:7 ([   D:10 !(

Annotations:
D:5 1 runed translucent door, nroviw's ghost, novice MiFi
D:9 3 runed translucent doors, oldmanjim's ghost, journeyman OgTm
D:10 1 runed translucent door, ShellytheWitch's ghost, journeyman MiGl
Lair:2 2 transporters, exclusion: oklob plant, Mahakala's ghost, journeyman MiBe
Lair:3 exclusion: 4 oklob plants


Innate Abilities, Weirdness & Mutations

You are very small and have problems with some larger weapons.
You are too small for most types of armour.
You have supernaturally acute eyesight. (SInv)
You cover ground extremely quickly. (Speed+++)


Message History

The spectral cane toad is almost destroyed.
The spectral cane toad misses you.
You hit the spectral cane toad.
The spectral cane toad is almost destroyed.
You hit the spectral cane toad but do no damage.
You punch the spectral cane toad.
The spectral cane toad is almost destroyed.
Your shadow completely misses the spectral cane toad.
The spectral cane toad completely misses you.
You puncture the spectral cane toad!
You destroy the spectral cane toad!
Dithmenos accepts your kill.
You hit the death yak simulacrum.
The death yak simulacrum is lightly damaged.
Casting: Confusing Touch (safe; 1% risk of failure)
Press: ? - help, Q - select action, (/) - cycle Dir - look around, f - activate Your hands begin to glow red.
The death yak simulacrum gores you!
You emit a cloud of dark smoke.
The death yak simulacrum freezes you!!
* * * LOW HITPOINT WARNING * * *
Okay, then.
Okay, then.
There is an open gate here.
Your hands stop glowing.
You feel much better.
The necromancer shouts!
You feel much better.
Okay, then.
Casting: Confusing Touch (safe; 1% risk of failure)
Press: ? - help, Q - select action, (/) - cycle Dir - look around, f - activate Your hands begin to glow red.
You hit the death yak simulacrum but do no damage.
The death yak simulacrum is lightly damaged.
You hit the death yak simulacrum but do no damage.
The death yak simulacrum appears confused.
The death yak simulacrum is lightly damaged.
Your shadow hits the death yak simulacrum but does no damage.
The death yak simulacrum gores you! The death yak simulacrum freezes you!!!
Ouch! That really hurt!
You die...

..............##.#..##.....###.#+
.....................#.+#+.#.....
............................Y....
.................................
......†..........................
.................................
.....#......................Y....
.♣########'''########♣P......♣###
###.............@Z..###P..P♣#####
#...#####8.⌠P8#####...###♣♣##PP..
#.###.Y###8.8## ###.#### #P...
..#.YY.8###### #....####§§P.
###YY.$)#8.p.8# ####Z.§§#§###
P.#...p}#(?...+ ####§#§#
..+....8#:!...+ #P§§#
..##Y..##8...8# #.§8# ### #++##


You could see a death yak simulacrum (confused).

Vanquished Creatures
  7 hydras
  A boulder beetle (D:11)
  2 two-headed ogres
  7 death yaks
  Amaemon (Lair:3)
  A skyshark (Lair:3)
  2 bog bodies (Lair:3)
  A necromancer (Lair:5)
  A manticore (D:11)
  22 elephants
  A gargoyle (Bailey)
  A torpor snail (Lair:4)
  10 cane toads
  5 black mambas
  An orange demon (Lair:3)
  2 dire elephant skeletons (Lair:5)
  2 komodo dragons (Lair:3)
  A rime drake (Lair:5)
  2 kobold demonologists (D:11)
  10 hornets
  7 blink frogs (Lair:4)
  2 dream sheep (Lair:4)
  A spectral elephant (Lair:5)
  6 slime creatures (D:11)
  Sigmund (D:3)
  35 yaks
  A shadow (D:9)
  4 vampires
  5 wyverns
  A dire elephant simulacrum (Lair:5)
  5 basilisks
  2 steam dragons
  2 vampire mosquitoes
  Menkaure (D:7)
  2 spectral cane toads (Lair:5)
  Edmund (D:6)
  A naga (Lair:2)
  2 swamp worms (Lair:3)
  8 water moccasins
  3 orc warriors
  3 black bears
  An ogre (D:7)
  2 centaurs
  8 wolves
  4 phantoms
  A kobold brigand (D:8)
  9 bullfrogs
  5 scorpions
  A gnoll sergeant (D:9)
  20 wights
  18 killer bees
  A troll zombie (D:9)
  8 vampire bats (Bailey)
  An electric eel (Lair:3)
  6 wolf zombies (Bailey)
  A howler monkey (D:10)
  3 jellies
  4 orc priests
  Crazy Yiuf (D:5)
  A gnoll bouda (D:6)
  3 hounds
  A sleepcap (D:4)
  11 orc wizards
  5 iguanas
  5 ogre zombies (D:9)
  Robin (D:4)
  12 gnolls
  11 adders
  A shadow imp (D:7)
  A white imp (D:6)
  3 worms
  3 dart slugs
  31 orcs
  10 endoplasms
  2 giant cockroaches
  22 goblins
  9 hobgoblins
  2 quokkas (D:3)
  3 ball pythons
  8 bats
  4 frilled lizards
  2 goblin skeletons (D:9)
  A goblin zombie (D:9)
  2 hobgoblin zombies (D:9)
  11 kobolds
  An orc skeleton (D:9)
  36 orc zombies
  7 rats
476 creatures vanquished.

Vanquished Creatures (collateral kills)
  5 wights
  2 killer bees
  A gnoll bouda (D:8)
  3 gnolls
  2 orcs (D:9)
  An orc zombie (D:9)
14 creatures vanquished.

Vanquished Creatures (others)
  5 dancing weapons
5 creatures vanquished.

Grand Total: 495 creatures vanquished

Notes
Turn   | Place    | Note
-------+----------+-------------------------------------------
     0 | D:1      | LynnLen the Spriggan Enchanter began the quest for the Orb.
     0 | D:1      | Reached XP level 1. HP: 9/9 MP: 5/5
   198 | D:1      | Reached XP level 2. HP: 13/13 MP: 6/6
   205 | D:1      | Learned a level 2 spell: Ensorcelled Hibernation
   332 | D:1      | Reached skill level 5 in Stealth
   456 | D:1      | Found a faded altar of an unknown god.
   811 | D:2      | Reached XP level 3. HP: 16/16 MP: 8/8
  1439 | D:2      | Reached XP level 4. HP: 21/21 MP: 9/9
  1480 | D:2      | Learned a level 3 spell: Confusing Touch
  1484 | D:2      | Learned a level 3 spell: Tukima's Dance
  1665 | D:3      | Reached skill level 1 in Ice Magic
  2072 | D:3      | Reached skill level 6 in Stealth
  2187 | D:3      | Noticed Sigmund
  2293 | D:3      | Found a shadowy altar of Dithmenos.
  2306 | D:3      | Found a shimmering blue altar of Sif Muna.
  2313 | D:3      | Became a worshipper of Dithmenos the Shadowed
  2364 | D:3      | Killed Sigmund
  2365 | D:3      | Reached skill level 7 in Stealth
  2365 | D:3      | Reached XP level 5. HP: 24/24 MP: 6/11
  2611 | D:3      | Reached XP level 6. HP: 28/28 MP: 12/12
  2733 | D:3      | Found a bloodstained altar of Trog.
  3050 | D:4      | Noticed Robin
  3199 | D:4      | Killed Robin
  3534 | D:4      | Reached skill level 5 in Hexes
  3569 | D:4      | Reached skill level 8 in Stealth
  3569 | D:4      | Reached XP level 7. HP: 28/32 MP: 6/14
  3694 | D:4      | Found a sacrificial altar of Ru.
  3796 | D:4      | Reached * piety under Dithmenos
  4071 | D:5      | Entered Level 5 of the Dungeon
  4315 | D:5      | Found a glowing silver altar of Zin.
  4509 | D:5      | Reached skill level 9 in Stealth
  4550 | D:5      | Reached skill level 5 in Spellcasting
  4582 | D:5      | Reached XP level 8. HP: 31/36 MP: 3/16
  4586 | D:5      | Learned a level 3 spell: Summon Guardian Golem
  4690 | D:5      | Found a runed translucent door.
  4698 | D:5      | Noticed nroviw's ghost (novice MiFi)
  4750 | D:5      | Reached ** piety under Dithmenos
  4925 | D:5      | Found a runed translucent door.
  4926 | D:5      | Noticed Crazy Yiuf
  4933 | D:5      | Killed Crazy Yiuf
  5110 | D:6      | Reached skill level 10 in Stealth
  5352 | D:6      | Found Dimeuvio's General Store.
  5486 | D:6      | Found a staircase to the Ecumenical Temple.
  5531 | D:6      | Reached skill level 11 in Stealth
  5539 | D:6      | Reached skill level 5 in Short Blades
  5559 | D:6      | Noticed Edmund
  5576 | D:6      | Killed Edmund
  5972 | D:6      | Reached XP level 9. HP: 39/39 MP: 19/19
  6170 | D:7      | Found Vazxoo's Antique Weapon Emporium.
  6205 | D:7      | Noticed Menkaure
  6210 | D:7      | Found a flagged portal.
  6219 | D:7      | Killed Menkaure
  6231 | Bailey   | Entered a bailey
  6321 | Bailey   | Reached skill level 12 in Stealth
  6328 | Bailey   | Reached *** piety under Dithmenos
  6685 | Bailey   | Identified the +5 flail of Contradiction {venom, Str+2
                  | Int+3}
  6763 | Bailey   | Noticed a gargoyle
  6860 | Bailey   | Killed a gargoyle
  6860 | Bailey   | Reached **** piety under Dithmenos
  6861 | Bailey   | Reached skill level 13 in Stealth
  6861 | Bailey   | Reached skill level 1 in Summonings
  6959 | Bailey   | Got Piwolao's Papyrus of Forces and Anathema
  6961 | Bailey   | Identified the +6 plate armour "Toeluiv" {Str-5 Dex+5}
  7117 | D:7      | Learned a level 7 spell: Enfeeble
  7122 | D:7      | Learned a level 4 spell: Cause Fear
  7221 | D:7      | Found Ciaheiph's Antique Armour Boutique.
  7577 | D:7      | Found a sparkling altar of Nemelex Xobeh.
  7697 | D:7      | Reached XP level 10. HP: 28/43 MP: 13/22
  8705 | D:8      | Reached skill level 14 in Stealth
  9911 | D:9      | Reached ***** piety under Dithmenos
 10083 | D:9      | Identified the +1 mace of Doragg {pain, rElec rF+ rN+}
 10131 | D:9      | Noticed a two-headed ogre
 10461 | D:9      | Found a staircase to the Orcish Mines.
 11176 | D:9      | Killed a two-headed ogre
 11177 | D:9      | Reached XP level 11. HP: 47/47 MP: 23/24
 11244 | D:9      | Found a runed translucent gate.
 11244 | D:9      | Found a runed translucent gate.
 11337 | D:9      | Found a burning altar of Makhleb.
 11388 | D:9      | Noticed oldmanjim's ghost (journeyman OgTm)
 11389 | D:9      | Found a runed translucent gate.
 11744 | D:10     | Entered Level 10 of the Dungeon
 11869 | D:10     | Noticed ShellytheWitch's ghost (journeyman MiGl)
 11869 | D:10     | Found a runed translucent door.
 12181 | D:10     | Reached skill level 15 in Stealth
 12444 | D:10     | Found Xirrov Eziti's Distillery.
 12452 | D:10     | Bought a potion of heal wounds for 60 gold pieces
 12452 | D:10     | Bought a potion of heal wounds for 60 gold pieces
 12452 | D:10     | Bought a potion of curing for 36 gold pieces
 12467 | D:10     | Found Jiabaj's Weapon Shoppe.
 12958 | D:11     | Noticed a two-headed ogre
 12962 | D:11     | Killed a two-headed ogre
 13468 | D:11     | Found a staircase to the Lair.
 13532 | D:11     | Noticed a boulder beetle
 13538 | D:11     | Killed a boulder beetle
 13539 | D:11     | Reached skill level 10 in Hexes
 13539 | D:11     | Reached skill level 1 in Evocations
 13571 | D:11     | Reached skill level 1 in Invocations
 13680 | D:11     | Reached skill level 1 in Fighting
 13680 | D:11     | Reached skill level 10 in Short Blades
 14136 | Lair:1   | Entered Level 1 of the Lair of Beasts
 14531 | Lair:1   | Reached skill level 10 in Spellcasting
 14531 | Lair:1   | Reached XP level 12. HP: 48/54 MP: 27/27
 15071 | Lair:2   | Reached skill level 16 in Stealth
 15091 | Lair:1   | Reached ****** piety under Dithmenos
 15164 | Lair:2   | Reached skill level 5 in Dodging
 15278 | Lair:2   | Found a transporter.
 15298 | Lair:2   | Noticed Mahakala's ghost (journeyman MiBe)
 15322 | Lair:2   | Noticed a death yak
 15332 | Lair:2   | Found a transporter.
 15424 | Lair:2   | Found a staircase to the Snake Pit.
 16503 | Lair:3   | Found a staircase to the Swamp.
 16644 | Lair:3   | You fall into a shaft and drop 2 floors!
 16644 | Lair:5   | Entered Level 5 of the Lair of Beasts
 16789 | Lair:5   | Noticed a five-headed hydra
 16800 | Lair:5   | Killed a five-headed hydra
 16809 | Lair:5   | Reached skill level 5 in Evocations
 17067 | Lair:5   | Noticed a death yak
 17067 | Lair:5   | Noticed a death yak
 17068 | Lair:5   | Noticed a death yak
 17068 | Lair:5   | Noticed a death yak
 17069 | Lair:5   | Noticed a death yak
 17071 | Lair:5   | Killed a death yak
 17073 | Lair:5   | Killed a death yak
 17074 | Lair:5   | Killed a death yak
 17078 | Lair:5   | Killed a death yak
 17080 | Lair:5   | Killed a death yak
 17085 | Lair:5   | Reached XP level 13. HP: 60/60 MP: 28/28
 17704 | Lair:4   | Reached skill level 17 in Stealth
 18369 | Lair:4   | Reached skill level 5 in Invocations
 18431 | Lair:4   | Found a staircase to the Slime Pits.
 18431 | Lair:4   | Found a viscous altar of Jiyva.
 18532 | Lair:4   | Reached skill level 10 in Dodging
 19074 | Lair:3   | Identified the +1 robe "Xuarisap" {Harm Str-3 Dex+5
                  | Archmagi}
 19658 | Lair:3   | Noticed Amaemon
 19825 | Lair:3   | Killed Amaemon
 19937 | Lair:3   | Reached XP level 14. HP: 67/67 MP: 30/30
 20613 | Lair:5   | Slain by a death yak simulacrum

Illustrated notes

Levels and vault maps discovered:
D:1:      ncdulo_lavacross, layout_loops_ring,
          chequers_ecumenical_altar_simple_redux
D:2:      layout_loops_cross
D:3:      minmay_recursive_quarters, layout_basic, lemuel_crystal_altar,
          nicolae_overflow_squiral, uniq_sigmund
D:4:      layout_cave_pools, mainiacjoe_overflow_alcove_4,
          minmay_goblin_outpost, uniq_robin
D:5:      nicolae_BIG_FREAKIN_CUBE, layout_cave_pools, lemuel_round_altar,
          ebering_ghost_sewer_d, uniq_crazy_yiuf_cottage
D:6:      layout_loops_ring, minmay_temple_entry_stoned_glass, serial_shops,
          shop, uniq_edmund
D:7:      layout_loops_ring, nemelex_dance_club_becter, enter_bailey_6,
          serial_shops, nicolae_shop_tiny_statue_garden, nicolae_shop_scrapyard,
          kennysheep_generic_room_5, uniq_menkaure
D:8:      layout_loops_cross, minmay_gold_behind_fungi
D:9:      layout_loops_ring, lightli_temple_of_fire, zombieorc1_lemuel,
          gammafunk_ghost_nasty_kobolds, minmay_fractal_squares_gapless_5
D:10:     layout_big_octagon, hellmonk_ghost_happy_afterlife, serial_shops,
          nicolae_diamond_shop, shop
D:11:     layout_cave_pods, grunt_lair_entry_orc_guard_hut
Lair:1:   layout_regular_city, grunt_megastairs_2
Lair:2:   layout_cave_pods, guppyfry_snake_entry_island, nzn_ghost_randoct,
          dreamdust_wasp_nest
Lair:3:   layout_chaotic_city, nicolae_swamp_entry_splash_gauntlet,
          columned_hall_lemuel, dpeg_oklob_1, uniq_amaemon
Lair:4:   layout_gridlike, slime_entry_1, minmay_shattered_shrine
Lair:5:   due_jungle_book, layout_regular_city, infiniplex_staircase_pool_2,
          grunt_megastairs_3

Skill      XL: |  1  2  3  4  5  6  7  8  9 10 11 12 13 |
---------------+----------------------------------------+-----
Stealth        | 5 7 8 9 11 13 14 15 16 17 | 17.7
Spellcasting   | 3 4 5 6 7 8 10 11 | 11.9
Hexes          | 4 5 6 8 9 10 11 12 | 12.1
Short Blades   | 2 3 4 5 6 8 10 | 10.0
Ice Magic      | 1 2 3 |  3.9
Summonings     | 2 3 4 |  4.3
Dodging        | 4 8 10 | 10.6
Evocations     | 2 5 7 |  7.8
Invocations    | 2 4 6 |  6.8
Fighting       | 1 3 4 |  4.9

Action                     |  1- 3 |  4- 6 |  7- 9 | 10-12 | 13-15 || total
---------------------------+-------+-------+-------+-------+-------++-------
  Melee: Dagger            |    81 |    68 |   145 |   781 |   323 ||  1398
         Punch             |     1 |       |     4 |    11 |     8 ||    24
         Short sword       |       |    92 |   305 |    44 |       ||   441
   Cast: Ensorcelled Hiber |     7 |    25 |    40 |    35 |    83 ||   190
         Confusing Touch   |       |     3 |    28 |    98 |    14 ||   143
         Tukima's Dance    |       |       |     9 |    32 |     7 ||    48
         Summon Guardian G |       |       |       |     3 |     1 ||     4
         Enfeeble          |       |       |       |       |     1 ||     1
    Use: Scroll            |     4 |     4 |     5 |     6 |     4 ||    23
         Potion            |       |       |     2 |     1 |     4 ||     7
   Stab: Sleeping          |    13 |    25 |    57 |    82 |    64 ||   241
         Confused          |       |     2 |    19 |    92 |    12 ||   125
         Distracted        |       |       |       |     6 |       ||     6
 Armour: Robe              |    16 |    34 |    22 |       |       ||    72
         Steam dragon scal |       |       |    46 |    81 |    34 ||   161
  Dodge: Dodged            |    56 |   113 |   319 |   517 |   214 ||  1219
